 Dungeon Crawl Stone Soup version 0.30-a0-1093-gcfb1e0cf12 (webtiles) character file.

Game seed: 13288222253879243865

134428 Gynju the Basher (level 16, -6/131 HPs)
             Began as a Demonspawn Gladiator on Apr 17, 2023.
             Was the Champion of Okawaru.
             Succumbed to poison (poison gas)
             ... on level 3 of the Swamp.
             The game lasted 00:58:28 (26359 turns).

Gynju the Basher (Demonspawn Gladiator)            Turns: 26359, Time: 00:58:28

Health: -6/131     AC: 34    Str: 23    XL:     16   Next: 62%
Magic:  27/27      EV:  7    Int: 16    God:    Okawaru [******]
Gold:   2093       SH: 21    Dex: 22    Spells: 23/30 levels left

rFire   + + .      SeeInvis +    k - +6 shillelagh "Devastator" {shatter}
rCold   + . .      Faith    .    M - +1 kite shield {rC+}
rNeg    . . .      Spirit   .    m - +1 crystal plate armour of Inaction {rElec Will+}
rPois   .          Reflect  +    (helmet unavailable)
rElec   +          Rampage  .    c - +1 cloak of the Thinker {rElec Regen+}
rCorr   .                        g - +0 pair of gloves
Will    +....                    q - +2 pair of boots Stlth
                                 F - amulet "Rautsohe" {Reflect rF+ Dex+3 SH+5}
HPRegen 1.21/turn                T - ring of flight
MPRegen 0.20/turn                Y - ring "Maklis" {rF+ Will- Dex+5 Slay+4 Stlth+}

@: lethally poisoned (-6 -> -57), flying
A: antennae 3, foul stench 2, icemail 1, big brain 3, condensation shield
a: Renounce Religion, Heroism, Finesse, Duel


You were on level 3 of the Swamp.
You worshipped Okawaru.
Okawaru was exalted by your worship.
You visited 4 branches of the dungeon, and saw 25 of its levels.
You visited 1 bazaar.
You also visited: Ossuary and Bailey.

You collected 2866 gold pieces.
You spent 773 gold pieces at shops.

Inventory:

Hand Weapons
 k - the +6 shillelagh "Devastator" (weapon) {shatter}
   (You found it on level 2 of the Dungeon)
Missiles
 d - 3 throwing nets
 e - 9 javelins
 G - 12 silver javelins (quivered)
 K - 13 boomerangs
 R - 8 boomerangs of dispersal
 W - 3 silver boomerangs
Armour
 c - the +1 cloak of the Thinker (worn) {rElec Regen+}
   (Okawaru gifted it to you on level 2 of the Lair of Beasts)

   rElec:     It insulates you from electricity.
   Regen:     It increases your rate of health regeneration.
 g - a +0 pair of gloves (worn)
 m - the +1 crystal plate armour of Inaction (worn) {rElec Will+}
   (Okawaru gifted it to you on level 5 of the Lair of Beasts)

   rElec:     It insulates you from electricity.
   Will:      It increases your willpower.
 q - a +2 pair of boots (worn)
 M - a +1 kite shield of cold resistance (worn)
Jewellery
 s - a ring of poison resistance
 x - a +6 ring of strength
 y - a ring of positive energy
 F - the amulet "Rautsohe" (around neck) {Reflect rF+ Dex+3 SH+5}
   (You bought it in a shop in a bazaar)

   [amulet of reflection]

   It reflects blocked missile attacks.
   Dex:       It affects your dexterity (+3).
   rF:        It protects you from fire.
   SH:        It affects your SH (+5).
 Q - a ring of resist corrosion
 T - a ring of flight (left hand)
 Y - the ring "Maklis" (right hand) {rF+ Will- Dex+5 Slay+4 Stlth+}
   (You found it on level 13 of the Dungeon)

   [ring of slaying]

   Dex:       It affects your dexterity (+5).
   Slay:      It affects your accuracy & damage with ranged weapons and melee
   (+4).
   rF:        It protects you from fire.
   Will:      It decreases your willpower.
   Stlth:     It makes you more stealthy.
Wands
 b - a wand of flame (107)
 p - a wand of polymorph (33)
 H - a wand of mindburst (26)
 L - a wand of paralysis (34)
 P - a wand of acid (10)
 S - a wand of roots (52)
 U - a wand of digging (11)
Scrolls
 a - 14 scrolls of identify {@r1}
 i - 3 scrolls of immolation
 r - 10 scrolls of teleportation
 u - 4 scrolls of blinking
 A - 4 scrolls of amnesia
 D - 5 scrolls of fog
 I - 5 scrolls of magic mapping
 N - 2 scrolls of poison
 O - 3 scrolls of enchant weapon
 X - a scroll of silence
Potions
 f - 9 potions of flight
 h - 7 potions of curing {@q1}
 j - 3 potions of brilliance
 l - 4 potions of mutation
 n - 4 potions of heal wounds
 o - 8 potions of ambrosia
 t - a potion of cancellation
 v - 7 potions of lignification
 w - 10 potions of haste
 z - 3 potions of invisibility
 B - 4 potions of attraction
 C - 5 potions of degeneration
 E - 7 potions of might
 J - 2 potions of magic


   Skills:
 + Level 13.6 Fighting
 - Level 2.7(9.4) Axes
 - Level 13.8(14.0) Maces & Flails
 - Level 1.2(2.2) Polearms
 - Level 8.1 Throwing
 + Level 12.9 Armour
 - Level 8.0 Dodging
 + Level 5.6 Shields
 + Level 7.9 Spellcasting
 + Level 7.8 Translocations
 - Level 8.0 Invocations


You had 23 spell levels left.
You knew the following spells:

 Your Spells              Type           Power      Damage    Failure   Level
a - Blink                 Tloc           62%        N/A       32%         2
b - Necrotise             Necr           24%        1d5       99%         1
c - Passage of Golubria   Tloc           31%        N/A       88%         4

Your spell library contained the following spells:

 Spells                   Type           Power      Damage    Failure   Level
 Lesser Beckoning         Tloc           62%        N/A       32%         2
 Teleport Other           Tloc           31%        N/A       52%         3
 Momentum Strike          Conj/Tloc      36%        3d9       82%         2
 Manifold Assault         Tloc           31%        N/A       88%         4
 Portal Projectile        Hex/Tloc       36%        N/A       95%         3
 Magic Dart               Conj           24%        1d4       99%         1
 Shock                    Conj/Air       24%        1d4       99%         1
 Mephitic Cloud           Conj/Pois/Air  6%         N/A       100%        3
 Swiftness                Air            6%         N/A       100%        3
 Airstrike                Air            3%         2d(1-17)  100%        4
 Leda's Liquefaction      Hex/Erth       3%         N/A       100%        4
 Alistair's Intoxication  Tmut/Pois      4%         N/A       100%        5
 Borgnjor's Vile Clutch   Necr/Erth      3%         N/A       100%        5
 Fireball                 Conj/Fire      3%         3d4       100%        5
 Iskenderun's Battlesphe  Conj           6%         2d6       100%        5
 Silence                  Hex/Air        3%         N/A       100%        5
 Conjure Ball Lightning   Conj/Air       3%         3x3d6     100%        6
 Eringya's Noxious Bog    Tmut/Pois      3%         N/A       100%        6
 Orb of Destruction       Conj           3%         9d5       100%        7
 Storm Form               Tmut/Air       3%         N/A       100%        7
 Borgnjor's Revivificati  Necr           3%         N/A       100%        8
 Discord                  Hex            3%         N/A       100%        8
 Disjunction              Tloc           15%        N/A       100%        8
 Lehudib's Crystal Spear  Conj/Erth      3%         10d2      100%        8
 Chain Lightning          Conj/Air       3%         3d4       100%        9
 Fire Storm               Conj/Fire      3%         8d1       100%        9
 Shatter                  Erth           3%         3d7*      100%        9
 Call Imp                 Summ           Unusable   N/A       N/A         2
 Call Canine Familiar     Summ           Unusable   N/A       N/A         3

Dungeon Overview and Level Annotations

Branches:
Dungeon (15/15)            Temple (0/1) D:5            Lair (5/5) D:10
  Swamp (4/4) Lair:3       Spider (1/4) Lair:2        Slime (0/5) Lair:5
    Orc (0/2) D:9          Vaults (0/5) D:14         Depths (0/4) D:15
Ossuary (visited)          Bailey (visited)

Altars:
Cheibriados
Dithmenos
Fedhas
Gozag
Nemelex Xobeh
Okawaru
Qazlal
Sif Muna
Trog
Uskayaw
Wu Jian
Yredelemnul
Jiyva

Shops:
D:5 =   D:7 *

Annotations:
D:7 exclusion: oklob plant


Innate Abilities, Weirdness & Mutations

You have a pair of large antennae on your head. (SInv)
You sometimes emit foul miasma when damaged in melee.
A meltable icy envelope protects you from harm. (AC +4)
You have an absolutely massive brain. (Int +6, Wiz)
A meltable shield of frost defends you. (SH +4)


Message History

You feel extremely sick. You block the swamp dragon's attack. x3
You hit the swamp dragon.
The swamp dragon shudders.
The swamp dragon is heavily wounded.
You feel extremely sick. You block the swamp dragon's attack.
The swamp dragon claws you but does no damage.
You block the swamp dragon's attack.
You sock the swamp dragon!
The swamp dragon shudders.
The swamp dragon is heavily wounded.
You feel extremely sick. You block the swamp dragon's attack. x3
You sock the swamp dragon!
The swamp dragon shudders.
The swamp dragon is severely wounded.
You feel very sick.
You sock the swamp dragon!
The swamp dragon shudders.
The swamp dragon is almost dead. x2
You feel very sick.
The swamp dragon breathes poison at you.
The blast of poison engulfs you but does no damage.
You are lethally poisoned!
You sock the swamp dragon!
The swamp dragon shudders.
The swamp dragon is almost dead. x2
You are engulfed in poison gas.
You are more poisoned.
* * * LOW HITPOINT WARNING * * *
x2 You feel extremely sick.
The swamp dragon breathes poison at you.
The blast of poison engulfs you but does no damage.
You are more poisoned.
You sock the swamp dragon!
You kill the swamp dragon!
Okawaru accepts your kill. Okawaru grants you throwing weapons!
Something appears at your feet!
The swamp dragon scales are intact enough to wear.
You are engulfed in poison gas.
You are more poisoned.
* * * LOW HITPOINT WARNING * * *
You die...

.~~~...~~~~~§~...~~~~.~~..♣
..~~~.~~~.~~~~÷..~~~~~~~~~♣
..~~~.~~..~~~....~.~~~~~~~♣
~.~~~....§.~~..♣♣~.~~~~~~~♣♣
§~~~~.♣♣♣♣♣...~~~~~~~~~~~~~♣
..~~~~♣ ♣♣.○○~~~~~~.~~~~♣♣
♣♣...♣♣ ♣..§☼§°☼○."♣.~~.♣
♣♣♣♣♣♣ ♣♣.☼°§☼○☼~♣♣♣♣~~♣
♣♣♣☼○@°♣♣♣ ♣♣♣♣ ♣○°○♣♣ ♣♣☼○♣
♣♣♣♣


There were no monsters in sight!

Vanquished Creatures
  Kirke (Arena)
  The ghost of What the Thaumaturge, a journeyman VSTm (Swamp:1)
  4 eleionomae
  A fire dragon (D:15)
  4 vault guards (D:14)
  The ghost of PtaQ the Destroyer, a journeyman DrCj of Vehumet (D:11)
  5 jiangshi (D:13)
  An ice dragon (D:15)
  A shambling mangrove (Swamp:3)
  A jorogumo (Spider:1)
  A rakshasa (D:13)
  An ogre mage (D:9)
  14 hydras
  6 boulder beetles
  4 catoblepae (Lair:5)
  A centaur warrior (D:14)
  10 two-headed ogres
  3 ghost crabs
  Erica (D:8)
  21 death yaks
  11 alligators
  A tengu warrior (D:13)
  Urug (Lair:2)
  A vampire mage (D:13)
  3 skysharks
  5 skeletal warriors (D:14)
  A sun moth (Spider:1)
  2 goliath frogs
  3 bog bodies
  An orb spider (Spider:1)
  2 swamp dragons
  Pikel (D:6)
  4 orc knights
  2 deep elf pyromancers (D:13)
  A deep elf zephyrmancer (Bailey)
  2 ugly things
  An orc sorcerer (D:15)
  A wolf spider (Lair:2)
  2 will-o-the-wisps
  7 manticores
  A salamander (shapeshifter) (D:13)
  6 elephants
  5 cyclopes
  Maurice (D:8)
  2 black mambas
  Maggie (D:8)
  3 gargoyles
  18 cane toads
  3 unseen horrors
  3 rime drakes
  A yaktaur (D:14)
  5 komodo dragons
  3 tengu conjurers
  A freezing wraith (D:15)
  3 efreet
  A queen bee (D:14)
  3 meliai (D:14)
  7 trolls
  12 hornets
  4 polar bears
  4 tyrant leeches
  Prince Ribbit (D:6)
  2 tarantellas
  24 blink frogs
  5 dream sheep (Lair:3)
  2 jumping spiders (Lair:2)
  8 slime creatures
  3 culicivoras
  Sigmund (D:2)
  A shadow (D:12)
  76 yaks
  3 spriggans (D:11)
  4 wraiths
  A human (Lair:4)
  4 vampires
  Eustachio (D:6)
  5 basilisks
  2 hogs (Lair:4)
  4 wyverns
  A steam dragon (D:9)
  3 redbacks
  Menkaure (Ossuary)
  11 swamp worms
  5 acid dragons
  13 vampire mosquitoes
  12 water moccasins
  A sky beast (D:6)
  2 swamp drakes
  12 orc warriors
  2 ice beasts
  2 black bears
  4 boggarts (D:14)
  15 ogres
  17 wolves
  2 phantoms (D:5)
  10 centaurs
  A lemure (D:6)
  A kobold brigand (D:9)
  11 bullfrogs
  3 scorpions
  6 wights
  24 killer bees
  6 howler monkeys
  3 electric eels (Lair:3)
  2 hounds (D:7)
  7 jellies
  Crazy Yiuf (D:2)
  A gnoll bouda (D:7)
  2 iguanas
  9 orc priests
  A sleepcap (D:6)
  Jessica (D:2)
  Ijyb (D:3)
  4 hell rats (Lair:4)
  10 orc wizards
  An ogre zombie (D:9)
  3 mummies (Ossuary)
  Robin (D:2)
  6 adders
  4 white imps
  2 ufetubi (D:5)
  A worm (D:5)
  A dart slug (D:2)
  61 orcs
  5 ball pythons
  5 bats
  7 endoplasms
  5 giant cockroaches
  3 gnoll zombies (Ossuary)
  10 goblins
  8 hobgoblins
  13 kobolds
  3 quokkas
  6 gnoll skeletons (Ossuary)
  3 goblin skeletons (Ossuary)
  4 goblin zombies (Ossuary)
  2 hobgoblin skeletons (Ossuary)
  6 hobgoblin zombies (Ossuary)
  2 kobold skeletons (Ossuary)
  4 kobold zombies (Ossuary)
  5 orc skeletons (Ossuary)
  6 orc zombies (Ossuary)
  6 rats
  7 rat skeletons (Ossuary)
  2 rat zombies (Ossuary)
767 creatures vanquished.

Vanquished Creatures (others)
  A goliath frog (Swamp:2)
  5 bloated husks
  A swamp drake (Swamp:4)
  10 foxfires
  19 fungi
  34 plants
  8 toadstools (D:7)
  2 withered plants (Swamp:1)
80 creatures vanquished.

Grand Total: 847 creatures vanquished

Notes
Turn   | Place    | Note
-------+----------+-------------------------------------------
     0 | D:1      | Gynju the Demonspawn Gladiator began the quest for the Orb.
     0 | D:1      | Reached XP level 1. HP: 16/16 MP: 1/1
   149 | D:1      | Found a faded altar of an unknown god.
   369 | D:1      | Gained mutation: You may rarely emit foul miasma when
                  | damaged in melee. [demonic ancestry]
   369 | D:1      | Reached XP level 2. HP: 22/22 MP: 2/2
  1132 | D:2      | Reached skill level 1 in Polearms
  1132 | D:2      | Reached XP level 3. HP: 27/27 MP: 3/3
  1167 | D:2      | Found the +6 shillelagh "Devastator" {shatter}
  1212 | D:2      | Noticed Sigmund
  1220 | D:2      | Killed Sigmund
  1221 | D:2      | Reached skill level 1 in Maces & Flails
  1221 | D:2      | Reached skill level 1 in Armour
  1221 | D:2      | Reached XP level 4. HP: 21/35 MP: 4/4
  1221 | D:2      | Reached XP level 5. HP: 25/41 MP: 5/5
  1322 | D:2      | Noticed Robin
  1328 | D:2      | Killed Robin
  1437 | D:2      | Noticed Jessica
  1442 | D:2      | Killed Jessica
  1694 | D:2      | Found a runed translucent door.
  1695 | D:2      | Noticed Crazy Yiuf
  1791 | D:2      | Killed Crazy Yiuf
  1792 | D:2      | Gained mutation: You have a pair of small antennae on your
                  | head. [demonic ancestry]
  1792 | D:2      | Reached XP level 6. HP: 38/47 MP: 6/6
  2295 | D:3      | Noticed Ijyb
  2302 | D:3      | Killed Ijyb
  3033 | D:4      | Found an iron altar of Okawaru.
  3034 | D:4      | Found a shadowy altar of Dithmenos.
  3036 | D:4      | Found a snail-covered altar of Cheibriados.
  3041 | D:4      | Became a worshipper of Warmaster Okawaru
  3621 | D:4      | Found a sparkling altar of Nemelex Xobeh.
  3819 | D:5      | Entered Level 5 of the Dungeon
  3837 | D:5      | Gained mutation: You have a pair of antennae on your head.
                  | [demonic ancestry]
  3837 | D:5      | Reached XP level 7. HP: 37/54 MP: 7/7
  3927 | D:5      | Reached * piety under Okawaru
  4067 | D:5      | Found a staircase to the Ecumenical Temple.
  4200 | D:5      | Learned a level 2 spell: Blink
  4224 | D:5      | Found Sogatio's Jewellery Emporium.
  4415 | D:5      | Reached skill level 1 in Spellcasting
  4416 | D:5      | Reached XP level 8. HP: 61/61 MP: 9/9
  4417 | D:5      | Reached ** piety under Okawaru
  4550 | D:6      | Reached skill level 5 in Fighting
  4550 | D:6      | Reached skill level 5 in Dodging
  4550 | D:6      | Reached skill level 1 in Translocations
  4631 | D:6      | Noticed Pikel
  4641 | D:6      | Killed Pikel
  4714 | D:6      | Found a sand-covered staircase.
  4724 | Ossuary  | Entered an ossuary
  4974 | Ossuary  | Noticed Menkaure
  4983 | Ossuary  | Killed Menkaure
  4983 | Ossuary  | Reached *** piety under Okawaru
  5063 | D:6      | Identified a scroll of acquirement
  5063 | D:6      | Acquired 659 gold pieces
  5075 | D:6      | Gained mutation: You sometimes emit foul miasma when
                  | damaged in melee. [demonic ancestry]
  5075 | D:6      | Reached XP level 9. HP: 68/68 MP: 13/13
  5129 | D:6      | Noticed Prince Ribbit
  5134 | D:6      | Killed Prince Ribbit
  5135 | D:6      | Reached skill level 5 in Maces & Flails
  5135 | D:6      | Reached skill level 5 in Armour
  5235 | D:6      | Found a bloodstained altar of Trog.
  5332 | D:6      | Noticed Eustachio
  5341 | D:6      | Killed Eustachio
  5688 | D:7      | Found Cylex's Assorted Antiques.
  5688 | D:7      | Found a hide-covered altar of Uskayaw.
  6060 | D:7      | Reached **** piety under Okawaru
  6313 | D:7      | Found an opulent altar of Gozag.
  6485 | D:7      | Found a blossoming altar of Fedhas.
  6504 | D:7      | Noticed an oklob plant
  6872 | D:8      | Noticed Erica
  6896 | D:8      | Reached skill level 5 in Spellcasting
  6898 | D:8      | Killed Erica
  6899 | D:8      | Reached skill level 5 in Translocations
  6899 | D:8      | Gained mutation: You have a pair of large antennae on your
                  | head. (SInv) [demonic ancestry]
  6899 | D:8      | Reached XP level 10. HP: 71/74 MP: 17/17
  6912 | D:8      | Found a flagged portal.
  6930 | Bailey   | Entered a bailey
  6991 | Bailey   | HP: 1/74 [orc warrior/+0 glaive (18)]
  7020 | Bailey   | Noticed an orc knight
  7167 | Bailey   | Killed an orc knight
  7167 | Bailey   | Received a gift from Okawaru
  7467 | Bailey   | Found a large runed translucent door.
  7467 | Bailey   | Found a large runed translucent door.
  7468 | Bailey   | Noticed a deep elf zephyrmancer
  7570 | Bailey   | Killed a deep elf zephyrmancer
  7571 | Bailey   | Reached skill level 1 in Invocations
  7828 | D:8      | Noticed a two-headed ogre
  7835 | D:8      | Killed a two-headed ogre
  7835 | D:8      | Reached ***** piety under Okawaru
  7939 | D:8      | Noticed Maurice
  8294 | D:8      | Killed Maurice
  8615 | D:8      | Noticed Maggie
  8625 | D:8      | Killed Maggie
  8684 | D:8      | Found a stormy altar of Qazlal.
  8689 | D:8      | Gained mutation: You have an unusually large brain. (Int
                  | +2) [demonic ancestry]
  8689 | D:8      | Reached XP level 11. HP: 79/79 MP: 18/18
  8696 | D:8      | Found an ornate altar of the Wu Jian Council.
  8842 | D:8      | Received a gift from Okawaru
  8877 | D:8      | Got Sif Muna's Compilation of the Liminal Grave
  9503 | D:9      | Reached skill level 5 in Invocations
  9840 | D:9      | Learned a level 1 spell: Necrotise
  9934 | D:9      | Received a gift from Okawaru
  9937 | D:9      | Noticed a two-headed ogre
  9938 | D:9      | Noticed a two-headed ogre
  9944 | D:9      | Noticed a two-headed ogre
  9949 | D:9      | Killed a two-headed ogre
  9957 | D:9      | Killed a two-headed ogre
  9957 | D:9      | Killed a two-headed ogre
  9958 | D:9      | Reached skill level 5 in Throwing
 10166 | D:9      | Noticed a two-headed ogre
 10176 | D:9      | Noticed an ogre mage
 10179 | D:9      | Killed a two-headed ogre
 10181 | D:9      | Noticed a two-headed ogre
 10187 | D:9      | Paralysed by an ogre mage for 2 turns
 10192 | D:9      | Killed an ogre mage
 10193 | D:9      | Noticed a two-headed ogre
 10198 | D:9      | Killed a two-headed ogre
 10198 | D:9      | Received a gift from Okawaru
 10199 | D:9      | Reached skill level 10 in Maces & Flails
 10205 | D:9      | Killed a two-headed ogre
 10262 | D:9      | Identified the staff of poison "Maene" {rPois rC+ Str+8
                  | Stlth+}
 10451 | D:9      | Found a staircase to the Orcish Mines.
 10605 | D:9      | Received a gift from Okawaru
 10606 | D:9      | Gained mutation: A meltable shield of frost defends you.
                  | (SH +4) [demonic ancestry]
 10606 | D:9      | Reached XP level 12. HP: 72/86 MP: 17/19
 10842 | D:10     | Entered Level 10 of the Dungeon
 10982 | D:10     | Identified the +2 robe "Iddiuxteru" {-Cast Fly rCorr SInv}
                  | (Okawaru gifted it to you on level 10 of the Dungeon)
 10982 | D:10     | Received a gift from Okawaru
 11109 | D:10     | Found a staircase to the Lair.
 11210 | D:10     | Noticed a two-headed ogre
 11216 | D:10     | Killed a two-headed ogre
 11326 | D:10     | Found a shimmering blue altar of Sif Muna.
 11529 | Lair:1   | Entered Level 1 of the Lair of Beasts
 13511 | Lair:2   | Noticed a death yak
 13515 | Lair:2   | Noticed a death yak
 13515 | Lair:2   | Noticed a death yak
 13522 | Lair:2   | Noticed a death yak
 13527 | Lair:2   | Killed a death yak
 13539 | Lair:2   | Killed a death yak
 13539 | Lair:2   | Received a gift from Okawaru
 13540 | Lair:2   | Killed a death yak
 13541 | Lair:2   | Reached XP level 13. HP: 73/96 MP: 14/20
 13821 | Lair:2   | Received a gift from Okawaru
 13870 | Lair:2   | Noticed Urug
 13979 | Lair:2   | Killed Urug
 14283 | Lair:2   | Found a hole to the Spider Nest.
 15238 | Lair:3   | Paralysed by a hornet for 1 turns
 15243 | Lair:2   | Paralysed by a hornet for 1 turns
 15245 | Lair:2   | Paralysed by a hornet for 3 turns
 15245 | Lair:2   | Identified the +1 cloak of the Thinker {rElec Regen+}
                  | (Okawaru gifted it to you on level 2 of the Lair of Beasts)
 15245 | Lair:2   | Received a gift from Okawaru
 15746 | Lair:3   | Found a staircase to the Swamp.
 16485 | Lair:4   | Noticed Kirke
 16496 | Arena    | Entered the Arena
 16503 | Arena    | Killed Kirke
 17171 | Lair:5   | Entered Level 5 of the Lair of Beasts
 17178 | Lair:5   | Reached skill level 10 in Fighting
 17187 | Arena    | Entered the Arena
 17191 | Arena    | Received a gift from Okawaru
 17192 | Arena    | Gained mutation: You have an extremely huge brain. (Int +4)
                  | [demonic ancestry]
 17192 | Arena    | Reached XP level 14. HP: 61/110 MP: 13/21
 17383 | Lair:4   | Reached skill level 10 in Armour
 17486 | Lair:5   | Received a gift from Okawaru
 17633 | Lair:5   | Found a staircase to the Slime Pits.
 17641 | Lair:5   | Found a viscous altar of Jiyva.
 17654 | Lair:5   | Received a gift from Okawaru
 17927 | Lair:5   | Identified the +1 crystal plate armour of Inaction {rElec
                  | Will+} (Okawaru gifted it to you on level 5 of the Lair of
                  | Beasts)
 17927 | Lair:5   | Received a gift from Okawaru
 19267 | D:11     | You fall into a shaft and drop 2 floors!
 19540 | D:12     | Found a flickering gateway to a bazaar.
 19545 | Bazaar   | Entered a bazaar
 19560 | Bazaar   | Found Wasovof's Jewellery Shoppe.
 19576 | Bazaar   | Found Vuomn's Jewellery Emporium.
 19592 | Bazaar   | Found Jivockaamyx's Weapon Shoppe.
 19655 | Bazaar   | Bought the amulet "Rautsohe" {Reflect rF+ Dex+3 SH+5} for
                  | 553 gold pieces
 19666 | Bazaar   | Bought a ring of poison resistance for 220 gold pieces
 19857 | D:12     | Gained mutation: You have an absolutely massive brain. (Int
                  | +6, Wiz) [demonic ancestry]
 19857 | D:12     | Reached XP level 15. HP: 120/120 MP: 22/22
 20038 | D:12     | Identified the +2 ring mail "Dapudor" {rCorr Slay+6}
                  | (Okawaru gifted it to you on level 12 of the Dungeon)
 20038 | D:12     | Received a gift from Okawaru
 20333 | D:12     | Learned a level 4 spell: Passage of Golubria
 20615 | D:11     | Found a runed translucent door.
 20619 | D:11     | Identified the +4 spear of Perfectionism {freeze, rElec
                  | Will+++ rCorr Int-2}
 20654 | D:11     | Noticed PtaQ's ghost (journeyman DrCj)
 20871 | D:11     | Killed PtaQ's ghost
 21212 | D:13     | Reached skill level 1 in Shields
 21771 | D:13     | Found a basalt altar of Yredelemnul.
 21807 | D:13     | Identified the ring "Maklis" {rF+ Will- Dex+5 Slay+4
                  | Stlth+}
 22061 | D:14     | Received a gift from Okawaru
 22160 | D:14     | Found a gate to the Vaults.
 22565 | D:15     | Entered Level 15 of the Dungeon
 23060 | D:15     | Found a staircase to the Depths.
 23483 | D:15     | Found an ornate altar of the Wu Jian Council.
 24162 | Spider:1 | Entered Level 1 of the Spider Nest
 24200 | Lair:2   | Gained mutation: A meltable icy envelope protects you from
                  | harm. (AC +4) [demonic ancestry]
 24200 | Lair:2   | Reached XP level 16. HP: 55/130 MP: 26/26
 24363 | Swamp:1  | Entered Level 1 of the Swamp
 24410 | Swamp:1  | Found a runed translucent door.
 24412 | Swamp:1  | Noticed What's ghost (journeyman VSTm)
 24465 | Swamp:1  | Killed What's ghost
 24743 | Swamp:1  | Received a gift from Okawaru
 25158 | Swamp:2  | Received a gift from Okawaru
 25368 | Swamp:2  | Reached skill level 5 in Shields
 26178 | Swamp:4  | Entered Level 4 of the Swamp
 26359 | Swamp:3  | Reached ****** piety under Okawaru
 26359 | Swamp:3  | Received a gift from Okawaru
 26359 | Swamp:3  | HP: 5/131 [something (5)]
 26359 | Swamp:3  | Succumbed to poison (poison gas)

Illustrated notes

Levels and vault maps discovered:
D:1:      ebering_hopf_link, layout_loops_corners,
          hellmonk_ecumenical_altar_leap_of_faith, columned_hall_lemuel,
          nrook_campfire, hangedman_feature_mirror, kennysheep_nondescript,
          minivault_25, kennysheep_pointless_box
D:2:      layout_basic, minmay_small_reverse_x, uniq_robin, uniq_jessica,
          uniq_crazy_yiuf_cottage, uniq_sigmund
D:3:      layout_loops_corners, kennysheep_generic_room_8, uniq_ijyb
D:4:      layout_layer_cave, chequers_temple_overflow_statue_of_worship,
          nemelex_spade_bored_becter, cheibriados_altar_1
D:5:      layout_rooms, temple_pool_b, serial_shops, shop,
          minmay_fractal_squares_gapless_5
D:6:      layout_basic, trog_book, nicolae_ossuary_entry_monument, uniq_pikel,
          uniq_eustachio, uniq_prince_ribbit1
D:7:      layout_rooms, tgw_fedhas, nicolae_uskayaw_murder_on_the_dancefloor,
          nicolae_gozag_cash_rules_everything_around_me, serial_shops, shop,
          minmay_misc_feat_plants, minmay_misc_feat_secret_circle,
          kennysheep_generic_room_7
D:8:      layout_cave_pools, minitemple, enter_bailey_2, minivault_5,
          uniq_erica, uniq_maggie, uniq_maurice
D:9:      lemuel_ogre_cave, layout_long_grid, hiddenorc2_lemuel, st_stairs_3,
          wad_floor_pattern_2
D:10:     layout_cave_pools, overflow_temple_1_default,
          mainiacjoe_overflow_alcove_1, lair_entry_dummy
D:11:     layout_basic, ebering_ghost_funeral_grove
D:12:     layout_loops_ring, serial_shops, bzr_entry_road
D:13:     kennysheep_blocky_hall, layout_basic, amethyst_killhole,
          nicolae_nh_vlads_tower
D:14:     layout_roguey, grunt_vaults_entry_fortified
D:15:     grunt_enter_depths_hoard, layout_basic, special_room
          [special_room_bee], nicolae_wu_jian_immortal_techniques,
          serial_co_window_serial, co_window_cross_1, co_window_corner_a,
          co_window_of_opportunity_a, co_window_cross_1, co_window_paths_b,
          co_window_corner_a, co_window_broadway_c, co_window_unsneaky_path_a,
          co_window_paths_c, co_window_corner_b, co_window_2corner,
          minmay_microvault
Lair:1:   layout_gridlike, chequers_serial_rivers_room_a
Lair:2:   layout_cave_pods, spider_nest_entry_webs, uniq_urug
Lair:3:   layout_gridlike, minmay_swamp_entry_eels, minivault_23,
          dreamdust_wasp_nest
Lair:4:   layout_roguey, forest_entry_grove, uniq_kirke
Lair:5:   evilmike_catoblepas_cave, layout_cave_pods,
          nicolae_slime_entry_field_trip, grunt_megastairs_5
Swamp:1:  layout_basic_swamp, gammafunk_ghost_grave, hangedman_swamp_blocks
Swamp:2:  layout_falls_marsh, evilmike_swamp_ruin_house_6, swamp_pool1,
          nicolae_swamp_little_tower, infiniplex_staircase_pool
Swamp:3:  layout_basic_swamp, evilmike_swamp_ruin_house_3
Swamp:4:  swamp_basic_johnstein, layout_basic_swamp, swamp_pool5,
          nicolae_swamp_spriggan_camp
Spider:1: gammafunk_sealed_arena

Skill      XL: |  1  2  3  4  5  6  7  8  9 10 11 12 13 14 15 16 |
---------------+-------------------------------------------------+-----
Throwing       | 2 3 5 7 8 |  8.1
Polearms       | 1 |  1.2
Dodging        | 3 4 5 7 8 |  8.0
Fighting       | 3 4 5 7 10 11 13 | 13.6
Maces & Flails | 1 2 3 4 7 9 10 12 13 | 13.8
Armour         | 1 2 3 4 5 7 8 9 11 12 | 12.9
Spellcasting   | 1 3 5 6 7 |  7.9
Translocations | 3 5 6 7 |  7.8
Invocations    | 4 5 8 |  8.0
Shields        | 3 5 |  5.6
Axes           | |  2.7

Action                     |  1- 3 |  4- 6 |  7- 9 | 10-12 | 13-15 | 16-18 || total
---------------------------+-------+-------+-------+-------+-------+-------++-------
  Melee: Spear             |    34 |       |       |       |       |       ||    34
         War axe           |     3 |       |       |       |       |       ||     3
         Punch             |     1 |       |       |    11 |    17 |       ||    29
         Shillelagh        |     6 |    75 |   184 |   410 |  1129 |   282 ||  2086
  Throw: Throwing net      |       |       |     1 |       |       |       ||     1
         Javelin           |       |       |       |     6 |    74 |       ||    80
   Cast: Blink             |       |       |       |     2 |       |       ||     2
         Necrotise         |       |       |       |    11 |       |       ||    11
 Invoke: Heroism           |       |       |       |    10 |     9 |     1 ||    20
         Finesse           |       |       |       |     4 |     6 |       ||    10
         Duel              |       |       |       |       |     2 |       ||     2
    Use: Scroll            |       |    10 |     5 |     3 |    12 |     2 ||    32
         Potion            |       |       |       |     6 |     5 |       ||    11
   Stab: Sleeping          |     2 |     1 |       |       |       |       ||     3
         Distracted        |       |       |     1 |     2 |       |       ||     3
         Petrifying        |       |       |       |       |     1 |       ||     1
         Petrified         |       |       |       |       |     1 |       ||     1
 Armour: Leather armour    |     6 |    31 |    47 |    17 |       |       ||   101
         Plate armour      |     3 |       |       |       |       |       ||     3
         Acid dragon scale |       |       |       |    66 |     5 |       ||    71
         Scale mail        |       |       |       |       |   138 |       ||   138
         Crystal plate arm |       |       |       |       |   421 |   261 ||   682
  Dodge: Dodged            |    12 |    37 |    95 |   245 |   431 |    82 ||   902
  Block: Other             |       |       |       |    26 |   145 |       ||   171
         Kite shield       |       |       |       |       |   293 |   319 ||   612
         Buckler           |       |       |       |       |    70 |       ||    70
         Reflection        |       |       |       |       |    16 |     9 ||    25

Table legend: (Time is in decaauts)
 A = Elapsed time spent in this place.
 B = Non-inter-level travel time spent in this place.
 C = Inter-level travel time spent in this place.
 D = Time resting spent in this place.
 E = Time spent auto-exploring this place.
 F = Levels seen in this place.
 G = Mean time per level.
                   A        B        C        D        E       F      G
               +--------+--------+--------+--------+--------+-----+--------+
         Total |  26025 |  24793 |   1232 |   1811 |  18427 |  30 |  867.5 |
       Dungeon |  15104 |  14404 |    700 |    765 |  11386 |  15 | 1006.9 |
          Lair |   7480 |   7082 |    398 |    828 |   4985 |   5 | 1496.0 |
         Swamp |   2053 |   1920 |    133 |     72 |   1302 |   4 |  513.2 |
   Spider Nest |     42 |     42 |      0 |      0 |      0 |   1 |   42.0 |
        Bazaar |    150 |    150 |      0 |      0 |     70 |   1 |  150.0 |
       Ossuary |    339 |    339 |      0 |      0 |    173 |   1 |  339.0 |
        Bailey |    820 |    820 |      0 |    135 |    510 |   1 |  820.0 |
         Arena |     34 |     34 |      0 |     11 |      0 |   2 |   17.0 |
               +--------+--------+--------+--------+--------+-----+--------+

Top non-repeatable levels by time:
  Lair:2: 2294 daAuts
     D:9: 1841 daAuts
  Lair:1: 1517 daAuts
  Lair:5: 1365 daAuts
     D:7: 1315 daAuts
  Lair:3: 1268 daAuts
     D:1: 1129 daAuts
    D:15: 1106 daAuts
     D:4: 1097 daAuts
     D:6: 1063 daAuts
    D:13: 1061 daAuts
  Lair:4: 1033 daAuts
     D:8: 973 daAuts
    D:14: 931 daAuts
     D:3: 885 daAuts
